 Dungeon Crawl Stone Soup version 0.30-a0-758-gc2c871d025 (webtiles) character file.

Game seed: 8341028858313996029

5052 DEFE the Cleaver (level 10, -6/67 HPs)
             Began as a Djinni Berserker on Feb 10, 2023.
             Was an Elder of Trog.
             Mangled by a cyclops (24 damage)
             ... on level 12 of the Dungeon.
             The game lasted 00:09:51 (9245 turns).

DEFE the Cleaver (Djinni Berserker)                 Turns: 9245, Time: 00:09:51

Health: -6/67      AC: 13    Str: 20    XL:     10   Next: 85%
Gold:   262        EV: 12    Int:  9    God:    Trog [****..] SH:  0 Dex: 13

rFire   + + .      SeeInvis .    m - +1 short sword (elec)
rCold   . . .      Faith    +    (no shield)
rNeg    . . .      Spirit   .    C - +0 plate armour
rPois   ∞          Reflect  .    (no helmet)
rElec   .          Harm     .    (no cloak)
rCorr   .          Rampage  .    (no gloves)
Will    +++..                    (boots unavailable) Stlth
                                 F - amulet of faith
HPRegen 1.31/turn                J - +5 ring of evasion
MPRegen 0.00/turn                B - ring of protection from cold

@: strong-willed, flying, regenerating, studying Ranged Weapons
A: sickness immunity, fire resistance 2, cold vulnerability 1, float, innate
caster, HP casting, extra vitality 1
a: Renounce Religion, Berserk, Trog's Hand, Brothers in Arms


You were on level 12 of the Dungeon.
You worshipped Trog.
Trog was greatly pleased with you.
You visited 1 branch of the dungeon, and saw 10 of its levels.

You collected 504 gold pieces.
You spent 242 gold pieces at shops.

Inventory:

Hand Weapons
 a - a +0 hand axe
 m - a +1 short sword of electrocution (weapon)
Missiles
 D - 2 throwing nets (quivered)
Armour
 b - a +0 animal skin
 j - a +0 chain mail
 C - a +0 plate armour (worn)
 H - +0 acid dragon scales
Jewellery
 f - a +6 ring of dexterity
 x - the ring "Koirgh" {Ice rElec Will+ Str+4 Dex-4}
   (You found it on level 4 of the Dungeon)

   [ring of ice]

   It enhances your ice magic.
   Str:       It affects your strength (+4).
   Dex:       It affects your dexterity (-4).
   rF:        It makes you vulnerable to fire.
   rC:        It protects you from cold.
   rElec:     It insulates you from electricity.
   Will:      It increases your willpower.
 B - a ring of protection from cold (right hand)
 F - an amulet of faith (around neck)
 J - a +5 ring of evasion (left hand)
 P - an amulet of reflection
Wands
 o - a wand of digging (6)
 G - a wand of iceblast (7)
 I - a wand of paralysis (17)
 N - a wand of acid (6)
 O - a wand of mindburst (18)
Scrolls
 d - 2 scrolls of poison
 g - 2 scrolls of immolation
 h - 3 scrolls of identify
 l - 3 scrolls of vulnerability
 q - 2 scrolls of brand weapon
 r - 4 scrolls of silence
 s - a scroll of blinking {unknown}
 t - a scroll of fog {unknown}
 u - 5 scrolls of amnesia {unknown}
 v - 8 scrolls of teleportation
 y - 2 scrolls of enchant weapon
Potions
 c - 2 potions of might
 e - 2 potions of curing {unknown}
 i - a potion of flight {unknown}
 k - 3 potions of mutation {unknown}
 n - a potion of resistance {unknown}
 p - 5 potions of degeneration {unknown}
 w - 3 potions of haste {unknown}
 z - a potion of heal wounds {unknown}
 A - 2 potions of attraction {unknown}
 E - a potion of lignification {unknown}
 K - a potion of berserk rage {unknown}
 L - 2 potions of cancellation {unknown}
 M - a potion of brilliance {unknown}


   Skills:
 - Level 3.0 Fighting
 - Level 6.0 Short Blades
 + Level 9.2 Axes
 + Level 8.5 Armour
 - Level 2.1 Dodging
 - Level 2.9 Unarmed Combat
 + Level 1.1 Evocations


You had one spell level left.
You knew the following spells:

 Your Spells              Type           Power      Damage    Failure   Level
a - Sandblast             Erth           0%         2d4       100%        1
b - Call Imp              Summ           0%         N/A       100%        2
c - Ensorcelled Hibernat  Hex/Ice        0%         N/A       100%        2
d - Vampiric Draining     Necr           0%         2d6       100%        3
Your spell library was empty.


Dungeon Overview and Level Annotations

Branches:
Dungeon (9/15)             Temple (0/1) D:6
   Lair: D:8-11         Orc: D:9-12

Altars:
Dithmenos
Elyvilon
Nemelex Xobeh

Shops:
D:4 *   D:7 *

Annotations:
D:12 Frances


Innate Abilities, Weirdness & Mutations

You are immune to sickness and miasma.
You are immune to poison.
Your flesh is very heat resistant. (rF++)
You are vulnerable to cold. (rC-)
You float through the air rather than walking.
You learn spells naturally, not from books.
Your magical power is your life essence.
You have superior vitality. (+4 MHP)


Message History

You start waiting.
Done waiting.
You reach down and open the door.
There is an open door here.
You reach down and open the door.
There is an open door here.
You reach down and open the door.
A sourceless malevolence fills the Dungeon...
You are sucked into a shaft and drop 3 floors!
The shaft crumbles and collapses.
Found a scroll of poison.
No target in view!
d - 2 scrolls of poison (gained 1)
You reach down and open the door.
A cyclops comes into view.
The cyclops shouts!
Frances, Duchess of Pandemonium comes into view.
She is wielding a +0 trident.
The cyclops throws a large rock.
The large rock hits you!!
Frances shouts!
There is an open door here.
You take 27 damage, and have 40/67 hp.
MASSIVE DAMAGE!!
Your skin crawls.
You feel strong-willed.
You regained 2 hp, and now have 42/67 hp.
You hit the cyclops but do no damage.
Unknown command.
Aim: a cyclops, quivering large rocks (98% to hit)
The bolt of acid hits the cyclops!
The acid corrodes the cyclops!
The bolt of acid hits Frances!
Frances hits you from afar with a +0 trident!
The cyclops hits you!
* * * LOW HITPOINT WARNING * * *
You take 27 damage, and have 17/67 hp.
MASSIVE DAMAGE!!
Okay, then.
You hit the cyclops. Lightning courses through the cyclops!
Frances chants phrases taken from a devil's mouth.
The cyclops hits you!!
You die...

##.......##
#.........#
+.........+
#.........#
##.......##
##.....##
##...##
##'## #@#
#C# #@# 4#4
. . #. .#
## ##


You could see Frances, a cyclops (corroded), a rust devil (summoned) and a chaos
spawn (summoned).

Vanquished Creatures
  Pikel (D:8)
  Maurice (D:8)
  Sigmund (D:2)
  Eustachio (D:5)
  A vampire mosquito (D:8)
  Menkaure (D:6)
  2 acid dragons
  Duvessa (D:6)
  A sky beast (D:7)
  A black bear (D:7)
  An ice beast (D:5)
  A centaur (D:7)
  An ogre (D:6)
  4 lemures (D:8)
  A phantom (D:5)
  2 kobold brigands (D:8)
  4 bullfrogs
  A gnoll sergeant (D:7)
  A necrophage (D:5)
  A scorpion (D:5)
  10 wights
  Dowan (D:6)
  6 killer bees (D:7)
  4 howler monkeys
  4 hounds
  2 gnoll boudas
  A jelly (D:6)
  2 orc priests
  An iguana (D:7)
  6 orc wizards
  11 gnolls
  10 adders
  2 shadow imps
  2 white imps
  2 worms
  A dart slug (D:2)
  23 orcs
  9 endoplasms
  10 giant cockroaches
  8 goblins
  4 hobgoblins
  9 jackals
  14 kobolds
  7 quokkas
  3 ball pythons
  6 bats
  A frilled lizard (D:3)
  6 rats
193 creatures vanquished.

Vanquished Creatures (collateral kills)
  A cyclops (D:8)
  A water moccasin (D:7)
  3 wights (D:7)
  A white imp (D:8)
6 creatures vanquished.

Grand Total: 199 creatures vanquished

Notes
Turn   | Place    | Note
-------+----------+-------------------------------------------
     0 | D:1      | DEFE the Djinni Berserker began the quest for the Orb.
     0 | D:1      | Reached XP level 1. HP: 20/20 MP: 0/0
   156 | D:1      | Reached XP level 2. HP: 25/25 MP: 0/0
   207 | D:1      | Reached skill level 3 in Axes
   392 | D:1      | Reached XP level 3. HP: 30/30 MP: 0/0
   392 | D:1      | Learned a level 1 spell: Sandblast
   680 | D:1      | Reached ** piety under Trog
   950 | D:2      | Noticed Sigmund
   965 | D:2      | Killed Sigmund
   966 | D:2      | Reached skill level 5 in Axes
   966 | D:2      | Reached XP level 4. HP: 35/35 MP: 0/0
   966 | D:2      | Reached XP level 5. HP: 40/40 MP: 0/0
   966 | D:2      | Learned a level 2 spell: Call Imp
   966 | D:2      | Reached XP level 6. HP: 46/46 MP: 0/0
  1946 | D:3      | Reached skill level 1 in Unarmed Combat
  3189 | D:4      | Reached XP level 7. HP: 50/50 MP: 0/0
  3189 | D:4      | Learned a level 2 spell: Ensorcelled Hibernation
  3352 | D:4      | Found Upnarub's General Store.
  3424 | D:4      | Bought a scroll of identify for 24 gold pieces
  3424 | D:4      | Bought a scroll of identify for 24 gold pieces
  3671 | D:4      | Identified the ring "Koirgh" {Ice rElec Will+ Str+4 Dex-4}
  4042 | D:4      | Reached *** piety under Trog
  4147 | D:4      | Found a sparkling altar of Nemelex Xobeh.
  4269 | D:5      | Entered Level 5 of the Dungeon
  4447 | D:4      | Reached skill level 6 in Axes
  4550 | D:5      | Reached skill level 1 in Short Blades
  4781 | D:5      | Reached XP level 8. HP: 38/56 MP: 0/0
  5341 | D:6      | Noticed Eustachio
  5367 | D:5      | Killed Eustachio
  5435 | D:6      | Noticed Menkaure
  5446 | D:6      | Killed Menkaure
  5447 | D:6      | Found a shadowy altar of Dithmenos.
  5627 | D:6      | Found a staircase to the Ecumenical Temple.
  5702 | D:6      | Found a white marble altar of Elyvilon.
  5774 | D:6      | Reached skill level 7 in Axes
  5774 | D:6      | Reached XP level 9. HP: 60/60 MP: 0/0
  5774 | D:6      | Learned a level 3 spell: Vampiric Draining
  5938 | D:6      | Noticed Duvessa
  5939 | D:6      | Noticed Dowan
  5951 | D:6      | Reached skill level 5 in Armour
  5966 | D:6      | Killed Duvessa
  5972 | D:6      | Killed Dowan
  6321 | D:7      | Found Zizou's Assorted Antiques.
  6538 | D:7      | Reached skill level 5 in Short Blades
  6655 | D:7      | Bought a glass wand for 72 gold pieces
  6655 | D:7      | Bought a shiny golden ring for 90 gold pieces
  6655 | D:7      | Bought an amethyst potion for 16 gold pieces
  6655 | D:7      | Bought a golden potion for 16 gold pieces
  6908 | D:7      | Reached XP level 10. HP: 9/67 MP: 0/0
  7227 | D:7      | Reached skill level 8 in Axes
  7864 | D:8      | Reached **** piety under Trog
  7874 | D:8      | Noticed Maurice
  7884 | D:8      | Killed Maurice
  7887 | D:8      | Noticed a cyclops
  7902 | D:8      | Killed a cyclops
  8575 | D:8      | Noticed Pikel
  8581 | D:8      | Killed Pikel
  8582 | D:8      | Reached skill level 9 in Axes
  8901 | D:9      | HP: 3/67 [acid dragon (3)]
  8906 | D:9      | Reached skill level 1 in Evocations
  9230 | D:9      | You are sucked into a shaft and drop 3 floors!
  9239 | D:12     | Noticed a cyclops
  9240 | D:12     | Noticed Frances
  9245 | D:12     | Mangled by a cyclops

Illustrated notes

Levels and vault maps discovered:
D:1:      dpeg_arrival_tiny_a, layout_basic
D:2:      layout_basic, uniq_sigmund
D:3:      layout_loops_ring, minmay_goblin_kobold_house
D:4:      layout_basic, nemelex_altar_shiori, serial_shops, shop
D:5:      layout_basic
D:6:      layout_basic, mainiacjoe_overflow_cross_hatched, elyvilon_altar_4,
          lemuel_temple_firewalk_b, hangedman_decor_points,
          grunt_decor_junction, st_stairs_11, uniq_duvessa, uniq_menkaure,
          uniq_eustachio
D:7:      layout_cave_pools, serial_shops, shop
D:8:      layout_basic, minmay_liquid_box, minmay_manual_mess, uniq_pikel,
          uniq_maurice
D:9:      layout_stronghold
D:12:     cheibrodos_wizards_tower, layout_loops_corners,
          minmay_orc_entry_temple_large, serial_shops, shop,
          gammafunk_ghost_fury_of_okawaru, uniq_kirke, uniq_frances

Skill      XL: |  1  2  3  4  5  6  7  8  9 10 |
---------------+-------------------------------+-----
Axes           | 3 5 6 7 9 |  9.2
Unarmed Combat | 2 |  2.9
Short Blades   | 1 3 5 6 |  6.0
Armour         | 3 4 6 8 |  8.5
Evocations     | 1 |  1.1
Fighting       | |  3.0
Dodging        | |  2.1

Action                     |  1- 3 |  4- 6 |  7- 9 | 10-12 || total
---------------------------+-------+-------+-------+-------++-------
  Melee: Hand axe          |    88 |       |       |       ||    88
         Short sword       |       |   160 |   427 |   219 ||   806
         Punch             |       |     2 |     8 |     9 ||    19
 Invoke: Berserk           |     1 |     3 |     7 |     4 ||    15
         Trog's Hand       |     1 |     1 |     2 |     2 ||     6
  Evoke: Wand              |       |       |     2 |     9 ||    11
    Use: Scroll            |       |       |     9 |     1 ||    10
   Stab: Sleeping          |     1 |       |       |       ||     1
         Paralysed         |       |       |     1 |    11 ||    12
 Armour: Animal skin       |    15 |       |       |       ||    15
         Chain mail        |     2 |    91 |    19 |       ||   112
         Plate armour      |       |       |   243 |    51 ||   294
  Dodge: Dodged            |    66 |    89 |   196 |   102 ||   453

Table legend: (Time is in decaauts)
 A = Elapsed time spent in this place.
 B = Non-inter-level travel time spent in this place.
 C = Inter-level travel time spent in this place.
 D = Time resting spent in this place.
 E = Time spent auto-exploring this place.
 F = Levels seen in this place.
 G = Mean time per level.
                   A        B        C        D        E       F      G
               +--------+--------+--------+--------+--------+-----+--------+
         Total |   9240 |   9046 |    194 |   1888 |   5548 |  10 |  924.0 |
       Dungeon |   9240 |   9046 |    194 |   1888 |   5548 |  10 |  924.0 |
               +--------+--------+--------+--------+--------+-----+--------+

Top non-repeatable levels by time:
     D:4: 1353 daAuts
     D:8: 1350 daAuts
     D:2: 1231 daAuts
     D:7: 1099 daAuts
     D:3: 1005 daAuts
     D:5: 962 daAuts
     D:6: 926 daAuts
     D:1: 913 daAuts
     D:9: 382 daAuts
    D:12: 14 daAuts
